AoeStats
← [GDL] Maldito Pantoja

Arena

504933698Analyzed
4v4 RM · 26d ago on Sep 7, 2026· 46m 7s· 8 players
Game mode
Random Map
Map size
Large (8 player)
Population
200
Speed
Normal
Resources
Standard
Victory
Conquest
Starting age
Dark Age
Ending age
Imperial Age
RankedLock teamsTeams togetherTeam positionsShared explorationLock speedFull tech treeHidden civsTurbo modeCheats
Victory
Defeat
1367
+11
🇲🇽 Persians · Mexico
1288
+14
🇯🇵 Italians · Japan
1265
+15
🇺🇸 Goths · United States
1225
+18
🇦🇺 Gurjaras · Australia
1594
-26
🇦🇺 Spanish · Australia
1413
-20
🇪🇸 Hindustanis · Spain
1066
-24
🇺🇸 Britons · United States
931
-4
[GDL] Maldito Pantoja
12:20 Feudal Age
12:57 Double-Bit Axe
13:04 Gold Mining
13:01 Horse Collar
14:53 Wheelbarrow
14:31 Loom
17:26 Castle Age
15:20 Stone Mining
24:53 Heavy Plow
25:31 Gold Shaft Mining
26:05 Hand Cart
27:55 Stone Shaft Mining
29:06 Gold Shaft Mining
28:47 Forging
31:14 Imperial Age
28:52 Scale Barding Armor
29:14 Town Watch
29:41 Bow Saw
30:02 Bloodlines
29:52 Husbandry
31:15 Iron Casting
31:05 Chain Barding Armor
31:53 Conscription
33:10 Blast Furnace
32:47 Plate Barding Armor
34:21 Elite War Elephant
43:05 Town Patrol
44:09 Two-Man Saw
43:45 Crop Rotation
45:25 Kamandaran
45:36 Citadels
45:30 Sappers
46:36 Hoardings
AiM | CaballeroTemplario
10:53 Feudal Age
10:26 Loom
15:33 Castle Age
13:58 Double-Bit Axe
15:07 Horse Collar
17:01 Bow Saw
19:35 Fletching
25:21 Stone Mining
27:36 Padded Archer Armor
29:17 Bodkin Arrow
31:08 Town Watch
33:31 Leather Archer Armor
39:29 Gold Mining
ANIPerfect
12:11 Feudal Age
15:44 Castle Age
13:49 Double-Bit Axe
14:02 Horse Collar
16:50 Bow Saw
17:04 Heavy Plow
24:40 Wheelbarrow
24:29 Stone Mining
26:20 Hand Cart
26:59 Loom
30:28 Imperial Age
28:26 Gold Mining
29:13 Stone Shaft Mining
29:02 Forging
28:53 Scale Mail Armor
29:55 Anarchy
30:52 Iron Casting
31:16 Squires
31:41 Perfusion
32:02 Conscription
31:15 Pikeman
31:42 Elite Huskarl
33:16 Halberdier
harusame
2:44 Loom
7:20 Loom
11:26 Feudal Age
15:42 Castle Age
14:11 Scale Barding Armor
14:14 Double-Bit Axe
14:32 Fletching
15:45 Padded Archer Armor
16:29 Bodkin Arrow
18:05 Crossbowman
22:13 Bow Saw
23:31 Horse Collar
25:51 Thumb Ring
28:11 Wheelbarrow
28:02 Gold Mining
33:02 Imperial Age
30:30 Stone Mining
31:06 Heavy Plow
32:23 Leather Archer Armor
35:37 Chemistry
34:41 Arbalester
38:16 Bracer
42:39 Hand Cart
43:56 Ring Archer Armor
45:20 Caravan
RebelKing
10:41 Feudal Age
11:59 Double-Bit Axe
14:11 Horse Collar
17:42 Castle Age
18:54 Bow Saw
Gandalff
10:13 Loom
11:58 Feudal Age
13:02 Double-Bit Axe
13:26 Horse Collar
16:01 Castle Age
18:00 Bow Saw
19:45 Heavy Plow
23:04 Light Cavalry
23:55 Bloodlines
23:45 Husbandry
24:15 Scale Barding Armor
25:49 Chain Barding Armor
30:16 Wheelbarrow
30:01 Forging
32:32 Imperial Age
30:15 Masonry
31:38 Iron Casting
32:40 Hand Cart
32:51 Fortified Wall
32:40 Hussar
33:56 Plate Barding Armor
34:26 Chemistry
36:09 Padded Archer Armor
37:13 Blast Furnace
36:20 Thumb Ring
37:05 Leather Archer Armor
39:28 Siege Engineers
39:26 Stone Mining
Sp Bro
10:40 Feudal Age
14:32 Castle Age
12:52 Double-Bit Axe
12:50 Horse Collar
15:45 Bow Saw
18:08 Scale Barding Armor
22:57 Wheelbarrow
23:24 Chain Barding Armor
25:17 Gold Mining
26:09 Heavy Plow
26:37 Hand Cart
29:01 Loom
32:18 Imperial Age
30:33 Forging
31:53 Iron Casting
31:30 Bloodlines
31:21 Husbandry
32:36 Heavy Camel Rider
33:53 Plate Barding Armor
34:22 Kshatriyas
35:14 Frontier Guards
38:43 Scale Mail Armor
39:44 Fletching
40:53 Chain Mail Armor
42:18 Plate Mail Armor
42:33 Elite Chakram Thrower
OGJak
11:01 Feudal Age
11:32 Feudal Age
15:33 Castle Age
14:04 Double-Bit Axe
15:29 Horse Collar
15:47 Gold Mining
27:36 Wheelbarrow
28:06 Bow Saw
31:57 Imperial Age
29:57 Stone Mining
30:25 Inquisition
30:31 Padded Archer Armor
31:41 Stone Shaft Mining
31:55 Scale Barding Armor
32:01 Forging
33:13 Hand Cart
33:29 Chain Barding Armor
33:48 Block Printing
33:57 Fervor
34:09 Sanctity
33:59 Atonement
35:43 Theocracy
Connection lost

Rejoining the realm…

Still unreachable

The connection could not be restored.

Session expired

The server has moved on; the page needs a fresh start.